 Dungeon Crawl Stone Soup version 0.13-a0-2808-gda3a3b1 (webtiles) character file.

212 Malachi the Grave Robber (level 4, -1/24 HPs)
             Began as a Gargoyle Necromancer on Aug 25, 2013.
             Slain by Ijyb (2 damage)
             ... on Level 2 of the Dungeon.
             The game lasted 00:04:28 (2985 turns).

Malachi the Grave Robber (Gargoyle Necromancer)     Turns: 2985, Time: 00:04:28

HP  -1/24        AC  5     Str 12      XL: 4   Next: 20%
MP   0/8         EV 12     Int 16      God:
Gold 143         SH  0     Dex 10      Spells:  1 memorised,  6 levels left

Res.Fire  : . . .   See Invis. : .   (no weapon)
Res.Cold  : . . .   Warding    : .   a - +0 robe
Life Prot.: + . .   Conserve   : .   (no shield)
Res.Poison: +       Res.Corr.  : .   (no helmet)
Res.Elec. : +       Clarity    : .   (no cloak)
Sust.Abil.: . .     Spirit.Shd : .   (no gloves)
Res.Mut.  : .       Stasis     : .   (no boots)
Res.Rott. : +       Flight     : .   (no amulet)
Saprovore : . . .                    (no ring)
                                     (no ring)

@: slightly resistant to hostile enchantments, fairly stealthy
A: fangs 1, talons 2, life protection 1, electricity resistance, slow metabolism
1, unbreathing, petrification resistance, AC +3
a: no special abilities


You were on level 2 of the Dungeon.
You were very hungry.

You visited 1 branch of the dungeon, and saw 2 of its levels.

You collected 123 gold pieces.

Inventory:

Armour
 a - a +0 robe (worn)
Comestibles
 c - a bread ration
 h - 2 pears
 i - a sausage
 o - an apple
Scrolls
 d - a scroll of magic mapping {unknown}
 f - a scroll of noise {unknown}
 g - 3 scrolls of identify {unknown}
 j - 2 scrolls of curse jewellery {unknown}
 k - a scroll of remove curse {unknown}
 l - 3 scrolls of fog {unknown}
 m - a scroll of enchant armour {unknown}
Potions
 e - a potion of slowing {unknown}
 n - a potion of might {unknown}
Books
 b - a book of Necromancy

   Spells                             Type                      Level
   *Pain                              Necromancy                   1
   Animate Skeleton                   Necromancy                   1
   Lethal Infusion                    Charms/Necromancy            2
   Vampiric Draining                  Necromancy                   3
   Regeneration                       Charms/Necromancy            3
   Animate Dead                       Necromancy                   4
   Control Undead                     Necromancy                   4


   Skills:
 + Level 1.7 Dodging
 + Level 2.3 Stealth
 + Level 0.4 Unarmed Combat
 * Level 2.0 Spellcasting
 * Level 4.1 Necromancy


You had 6 spell levels left.
You knew the following spells:

 Your Spells              Type           Power        Failure   Level  Hunger
a - Pain                  Necr           ##..         4%          1    #......


Dungeon Overview and Level Annotations

Branches:
Dungeon (2/27)

Altars:

Annotations:
D:2 Ijyb


Innate Abilities, Weirdness & Mutations

You are resistant to torment.
You are immune to poison.
Your stone body is very resilient (AC +3).
You have very sharp teeth.
You have razor-sharp toenails.
You resist negative energy.
You are resistant to electric shocks.
You have a slow metabolism.
You can survive without breathing.
You are immune to petrification.


Message History

Ijyb closely misses you.
You barely miss Ijyb.
Ijyb is heavily wounded.
Ijyb barely misses you.
You hit Ijyb but do no damage.
Ijyb is heavily wounded.
Ijyb hits you but does no damage.
Casting: Pain
Confirm with . or Enter, or press ? or * to list all spells.
Aiming: Pain
Press: ? - help, Shift-Dir - straight line, f/p - Ijyb
Aim: Ijyb wearing an orcish ring mail (heavily wounded) Ijyb convulses in agony!
Ijyb hits you but does no damage.
Casting: Pain
Confirm with . or Enter, or press ? or * to list all spells.
Aiming: Pain
Press: ? - help, Shift-Dir - straight line, f/p - Ijyb
Aim: Ijyb wearing an orcish ring mail (heavily wounded) Ijyb convulses in agony!
Ijyb hits you.
You die...

...!.# ......#..#..
.(...# ......###..
#....#####.... ###.
#....##........#..#
#....##)......#....
#....##.....##.....
#..))##............
#....##....#...##..
#.@..##....#.# #..
#!g......[...# #..
##.####....######..
#.# #..........).
#.# #.....##.###.
#.# ##....##.# #.
#.# #....##.# #.
#.# #....##.# #+
#.# #....##..


You could see Ijyb.

Vanquished Creatures
  2 adders (D:2)
  A worm (D:2)
  3 giant cockroaches
  5 goblins
  6 hobgoblins
  2 jackals (D:1)
  7 kobolds
  2 quokkas (D:2)
  A ball python (D:1)
  5 bats
  3 giant newts (D:1)
  5 rats
42 creatures vanquished.

Notes
Turn   | Place    | Note
--------------------------------------------------------------
     0 | D:1      | Malachi, the Gargoyle Necromancer, began the quest for the Orb.
     0 | D:1      | Reached XP level 1. HP: 10/10 MP: 3/3
   399 | D:1      | Reached XP level 2. HP: 10/15 MP: 0/4
  1334 | D:1      | Reached XP level 3. HP: 16/19 MP: 3/6
  2385 | D:2      | Reached skill level 4 in Necromancy
  2385 | D:2      | Reached XP level 4. HP: 11/24 MP: 0/8
  2963 | D:2      | Noticed Ijyb
  2979 | D:2      | HP: 1/24 [Ijyb (2)]
  2985 | D:2      | Slain by Ijyb

Action                   |  1- 3 |  4- 6 || total
-------------------------+-------+-------++-------
Melee: Unarmed           |    36 |    14 ||    50
 Cast: Pain              |    74 |    17 ||    91
